 Dungeon Crawl Stone Soup version 0.31.0-32-g396128a36d (webtiles) character file.

Game seed: 18272500363418399564

88 bnorton916 the Magician (level 4, -9/24 HPs)
             Began as a Deep Elf Fire Elementalist on Apr 10, 2024.
             Mangled by an ice beast (13 damage)
             ... on level 6 of the Dungeon.
             The game lasted 00:02:23 (2544 turns).

bnorton916 the Magician (DEFE)                      Turns: 2544, Time: 00:02:24

Health: -9/24      AC:  4    Str:  5    XL:     4   Next: 29%
Magic:  5/12       EV: 12    Int: 22    God:
Gold:   47         SH:  0    Dex: 15    Spells: 8/11 levels left

rFire   . . .        (no weapon)
rCold   . . .        (no shield)
rNeg    . . .        a - +0 robe
rPois   .            j - +1 helmet
rElec   .            (no cloak)
rCorr   .            (no gloves)
SInv    .            (no boots)
Will    .....        (no amulet)
Stlth   ++           (no ring)
HPRegen 0.24/turn    (no ring)
MPRegen 0.13/turn

%: no passive effects
@: no status effects
A: no striking features
a: no special abilities


You were on level 6 of the Dungeon.
You visited 1 branch of the dungeon, and saw 4 of its levels.

You collected 47 gold pieces.

Inventory:

Missiles
 o - 3 javelins
Armour
 a - a +0 robe (worn)
 j - a +1 helmet (worn)
Scrolls
 c - 4 scrolls of identify {unknown}
 d - 2 scrolls of teleportation {unknown}
 f - a scroll of fear {unknown}
 i - a scroll of summoning {unknown}
 l - a scroll of noise {unknown}
 n - a scroll of revelation {unknown}
 p - a scroll of vulnerability {unknown}
Potions
 b - a potion of magic
 e - 2 potions of attraction {unknown}
 g - a potion of cancellation {unknown}
 h - 2 potions of degeneration {unknown}
 k - a potion of resistance {unknown}
 m - a potion of haste {unknown}
 q - a potion of ambrosia {unknown}


   Skills:
 - Level 2.4 Dodging
 - Level 2.4 Stealth
 + Level 4.3 Spellcasting
 + Level 2.7 Conjurations
 + Level 4.2 Fire Magic


You had 8 spell levels left.
You knew the following spells:

 Your Spells              Type           Power      Damage    Failure   Level
a - Foxfire               Conj/Fire      80%        2x1d8     2%          1
b - Scorch                Fire           46%        2d6       3%          2

Your spell library contained the following spells:

 Spells                   Type           Power      Damage    Failure   Level
 Inner Flame              Hex/Fire       14%        N/A       14%         3
 Volatile Blastmotes      Fire/Tloc      28%        2d12      14%         3
 Flame Wave               Conj/Fire      20%        2d7       26%         4


Dungeon Overview and Level Annotations

Branches:
Dungeon (3/15)

Altars:


Message History

q - a bubbling puce potion
Found a stone staircase leading down.
A malevolent force fills the Dungeon...
You fall into a shaft and drop 3 floors!
The shaft crumbles and collapses.
d - 2 scrolls labelled JOENUM KILEST (gained 1)
An ice beast comes into view.
An adder comes into view.
Casting: Foxfire (safe; 2% risk of failure)
Confirm with . or Enter, or press ? or * to list all spells.
Flames lash the ice beast.
The ice beast melts!
The ice beast is lightly wounded.
The ice beast's fire resistance burns away.
You hear an angry hiss.
Casting: Scorch (safe; 3% risk of failure)
Confirm with . or Enter, or press ? or * to list all spells.
Flames lash the ice beast.
The ice beast melts!
The ice beast is moderately wounded.
The ice beast hits you. The ice beast freezes you!
The ice beast barely misses you.
Unknown command.
Casting: Scorch (safe; 3% risk of failure)
Confirm with . or Enter, or press ? or * to list all spells.
You conjure some foxfire!
The ice beast closely misses you.
The foxfire hits the ice beast.
The ice beast melts!
The ice beast is heavily wounded.
The foxfire hits the ice beast but does no damage.
The ice beast is heavily wounded.
The ice beast hits you. The ice beast freezes you!
* * * LOW HITPOINT WARNING * * *
Unknown command.
Casting: Foxfire (safe; 2% risk of failure)
Confirm with . or Enter, or press ? or * to list all spells.
Flames lash the ice beast.
The ice beast melts!
The ice beast is severely wounded.
The ice beast hits you.
* * * LOW HITPOINT WARNING * * *
The ice beast freezes you!
Ouch! That really hurt!
You die...

........# ........#
........#########+#
+###...............
#...............
#...............
#...............
#.....Y.......S.
#.....@.........
##+######+######


You could see an ice beast (combustible).

Vanquished Creatures
  Robin (D:2)
  2 adders
  3 ribbon worms (D:2)
  A dart slug (D:1)
  4 bats
  2 endoplasms (D:1)
  A giant cockroach (D:1)
  12 goblins (D:2)
  6 hobgoblins
  2 kobolds (D:2)
  3 quokkas
  2 ball pythons
  3 frilled lizards
  4 rats
46 creatures vanquished.

Vanquished Creatures (collateral kills)
  A foxfire (D:1)
1 creature vanquished.

Vanquished Creatures (others)
  171 foxfires
171 creatures vanquished.

Grand Total: 218 creatures vanquished

Notes
Turn   | Place    | Note
-------+----------+-------------------------------------------
     0 | D:1      | bnorton916 the Deep Elf Fire Elementalist began the quest
                  | for the Orb.
     0 | D:1      | Reached XP level 1. HP: 10/10 MP: 6/6
   374 | D:1      | Reached XP level 2. HP: 15/15 MP: 5/8
  1025 | D:1      | Learned a level 2 spell: Scorch
  1132 | D:2      | Noticed Robin
  1143 | D:2      | Killed Robin
  1144 | D:2      | Reached XP level 3. HP: 19/19 MP: 3/10
  2090 | D:2      | Reached XP level 4. HP: 24/24 MP: 7/12
  2523 | D:3      | You fall into a shaft and drop 3 floors!
  2529 | D:6      | Noticed an ice beast
  2544 | D:6      | Mangled by an ice beast

Illustrated notes

Levels and vault maps discovered:
D:1:      wander_arrival_fairy_ring, layout_basic, minmay_misc_feat_enclosed,
          due_unseen_surprise
D:2:      layout_basic, minmay_pentomino_z4, uniq_robin
D:3:      layout_basic, ebering_ghost_sewer_f, wad_rectangle_vault
D:6:      layout_gridville, serial_shops, shop, kb_rosetta

Skill      XL: |  1  2  3 |
---------------+----------+-----
Conjurations   | 2 |  2.7
Spellcasting   | 4 |  4.3
Fire Magic     | 4 |  4.2
Dodging        | |  2.4
Stealth        | |  2.4

Action                     |  1- 3 |  4- 6 || total
---------------------------+-------+-------++-------
   Cast: Foxfire           |    86 |    18 ||   104
         Scorch            |     6 |     5 ||    11
 Armour: Robe              |     4 |     7 ||    11
  Dodge: Dodged            |     9 |     6 ||    15
